 Dungeon Crawl Stone Soup version 0.23.1 (webtiles) character file.

Game seed: 1640879348449079266

225 LostNumber the Magician (level 5, 0/41 HPs)
             Began as a Demigod Wizard on Mar 10, 2019.
             Slain by Edmund
             ... wielding a +1 dire flail of crushing
              (1 damage)
             ... on level 4 of the Dungeon.
             The game lasted 00:07:25 (4363 turns).

LostNumber the Magician (Demigod Wizard)            Turns: 4363, Time: 00:07:25

Health: 0/41       AC:  2    Str: 12    XL:     5   Next: 40%
Magic:  5/13       EV: 12    Int: 22    God:
Gold:   182        SH:  0    Dex: 14    Spells: 1/10 levels left

rFire    . . .     SeeInvis .   k - +1 rapier (freeze)
rCold    . . .     Gourm    .   (no shield)
rNeg     . . .     Faith    .   a - +0 robe
rPois    .         Spirit   .   b - +0 hat
rElec    .         Reflect  .   (no cloak)
rCorr    .         Harm     .   (no gloves)
MR       .....                  (no boots)
Stlth    ++........             (no amulet)
HPRegen  0.13/turn              (no ring)
MPRegen  0.13/turn              (no ring)

@: no status effects
A: high mp 1
a: no special abilities


You were on level 4 of the Dungeon.
You were not hungry.

You visited 1 branch of the dungeon, and saw 4 of its levels.

You collected 182 gold pieces.

Inventory:

Hand Weapons
 f - a +0 dagger
   (You took it off a kobold on level 1 of the Dungeon)
 k - a +1 rapier of freezing (weapon)
   (You found it on level 3 of the Dungeon)
Armour
 a - a +0 robe (worn)
 b - a +0 hat (worn)
 c - a +2 pair of boots
   (You found it on level 1 of the Dungeon)
 o - a +1 hat
   (You found it on level 3 of the Dungeon)
Jewellery
 r - an uncursed ring of resist corrosion {unknown}
   (You found it on level 3 of the Dungeon)
Wands
 p - a wand of polymorph (5)
   (You took it off Ijyb on level 3 of the Dungeon)
 u - a wand of clouds (6)
   (You found it on level 3 of the Dungeon)
Scrolls
 d - 6 scrolls of identify {unknown}
 g - a scroll of blinking {unknown}
 l - 4 scrolls of teleportation {unknown}
 n - 2 scrolls of amnesia {unknown}
 q - a scroll of enchant weapon {unknown}
 v - a scroll of immolation {unknown}
 w - a scroll of fear {unknown}
Potions
 h - a potion of degeneration {unknown}
 i - a potion of might {unknown}
 j - 4 potions of curing {@q1}
 m - a potion of heal wounds {unknown}
 s - 2 potions of haste {@q3}
Comestibles
 e - 11 rations {!d}


   Skills:
 + Level 2.0 Fighting
 - Level 1.7 Dodging
 - Level 1.7 Stealth
 + Level 3.4 Spellcasting
 * Level 3.3 Conjurations
 * Level 1.2 Summonings
   Level 0.8 Translocations
 * Level 0.8 Fire Magic
 * Level 0.6 Air Magic
 * Level 0.4 Poison Magic


You had one spell level left.
You knew the following spells:

 Your Spells              Type           Power        Failure   Level  Hunger
a - Magic Dart            Conj           ###.         3%          1    None
d - Conjure Flame         Conj/Fire      ##......     16%         3    ###....
f - Mephitic Cloud        Conj/Pois/Air  ##......     19%         3    ###....
x - Call Imp              Summ           #.......     11%         2    ##.....

Your spell library contained the following spells:

 Spells                   Type           Power        Failure   Level  Hunger
 Blink                    Tloc           N/A          13%         2    ##.....
 Slow                     Hex            #.......     19%         2    ##.....


Dungeon Overview and Level Annotations

Branches:
Dungeon (4/15)
 Temple: D:4-7

Annotations:
D:4 Edmund


Innate Abilities, Weirdness & Mutations

You have an increased reservoir of magic. (+10% MP)


Message History

Unknown command.
You puncture the orc! You freeze the orc.
You kill the orc!
The orc closely misses your crimson imp. x2
Your shadow imp barely misses the orc.
Unknown command.
You swap places.
The orc hits your shadow imp with a cursed -1 club.
The orc misses your crimson imp.
Your shadow imp closely misses the orc.
Unknown command.
You hit the orc. You freeze the orc.
You kill the orc!
The orc barely misses you.
Aim: Edmund, wielding a +1 dire flail of crushing and wearing a +3 chain mail of fire resistance That beam is likely to hit you.
Continue anyway?
The ball explodes into a vile cloud!
The stinking cloud engulfs Edmund but does no damage.
The stinking cloud engulfs your crimson imp but does no damage.
The stinking cloud engulfs the orc but does no damage.
The stinking cloud engulfs you but does no damage.
The stinking cloud engulfs the orc but does no damage.
The stinking cloud engulfs your shadow imp but does no damage.
Edmund is engulfed in noxious fumes.
Edmund hits you with a +1 dire flail of crushing!
Your crimson imp hits Edmund but does no damage.
The orc is engulfed in noxious fumes.
The orc appears confused.
The orc hits you but does no damage.
Your shadow imp hits Edmund but does no damage.
The orc is engulfed in noxious fumes.
The orc appears confused.
Unknown command.
You barely miss Edmund.
Edmund is engulfed in noxious fumes.
Edmund hits you with a +1 dire flail of crushing!
* * * LOW HITPOINT WARNING * * *
* * * LOW HITPOINT WARNING * * *
Your crimson imp barely misses Edmund.
The orc is engulfed in noxious fumes.
The orc appears confused.
Your shadow imp barely misses Edmund.
The orc is engulfed in noxious fumes.
The orc hits Edmund but does no damage.
The orc hits itself with a +0 club.
Your crimson imp closely misses Edmund.
You are too injured to fight recklessly!
Unknown command.
You are too injured to fight recklessly!
Unknown command.
You are too injured to fight recklessly!
Unknown command.
Unknown command.
You hit Edmund. You freeze Edmund.
Edmund is engulfed in noxious fumes.
Edmund appears confused.
Edmund hits you with a +1 dire flail of crushing!
* * * LOW HITPOINT WARNING * * *
You die...

..............#.....[....@.o.....
#.............#.....[########..##
#...##........#......## ###..##
#...##..###..##.......# #...o..
....##..#######.......# #.....>
.)...................## ####@##
#...##...............# ##o##
#...##...##..##.5..^.#.. #....
#........##..##5@5...'.. #....
#............##o@##..#### ##..#
o...........o##.o# +## ..####..#
#...##.....oo....# .........
#.o.##...##.o##..# ..$......
#........##@.##..# ........#
#....@........#..# .......ยง#
#...##........#..# >.#......
#...##...##...#### ###.....#


You could see Edmund (confused), 2 orcs, 2 friendly crimson imps and a friendly
shadow imp.

Vanquished Creatures
  Ijyb (D:3)
  A worker ant (D:4)
  10 adders
  2 worms
  3 dart slugs (D:1)
  5 leopard geckos
  4 orcs (D:4)
  A ball python (D:2)
  3 giant cockroaches
  3 goblins (D:1)
  7 hobgoblins
  6 jackals (D:1)
  A quokka (D:2)
  7 bats
  4 frilled lizards (D:1)
  3 kobolds
  4 rats
65 creatures vanquished.

Vanquished Creatures (collateral kills)
  A dart slug (D:3)
  2 orcs (D:4)
  3 jackals (D:4)
  A quokka (D:2)
7 creatures vanquished.

Grand Total: 72 creatures vanquished

Notes
Turn   | Place    | Note
-------+----------+-------------------------------------------
     0 | D:1      | LostNumber the Demigod Wizard began the quest for the Orb.
     0 | D:1      | Reached XP level 1. HP: 14/14 MP: 6/6
    84 | D:1      | Reached skill level 1 in Conjurations
   535 | D:1      | Reached XP level 2. HP: 17/22 MP: 0/8
   891 | D:1      | Reached skill level 1 in Fighting
   898 | D:1      | Learned a level 2 spell: Call Imp
  1205 | D:2      | Reached XP level 3. HP: 6/28 MP: 3/10
  1939 | D:2      | Reached XP level 4. HP: 26/35 MP: 0/11
  2219 | D:2      | Found a radiant altar of Vehumet.
  2313 | D:3      | Learned a level 3 spell: Conjure Flame
  2317 | D:3      | Learned a level 3 spell: Mephitic Cloud
  2324 | D:3      | Found an opulent altar of Gozag.
  2345 | D:3      | Noticed Ijyb
  2356 | D:3      | Killed Ijyb
  2963 | D:3      | Reached skill level 1 in Summonings
  2963 | D:3      | Reached XP level 5. HP: 41/41 MP: 9/13
  3815 | D:4      | Noticed Edmund
  4363 | D:4      | HP: 1/41 [Edmund/+1 dire flail of crushing (12)]
  4363 | D:4      | Slain by Edmund

Skill      XL: |  1  2  3  4 |
---------------+-------------+-----
Conjurations   | 1 2 3 |  3.3
Fighting       | 1 2 |  2.0
Spellcasting   | 3 |  3.4
Summonings     | 1 |  1.2
Dodging        | |  1.7
Stealth        | |  1.7
Translocations | |  0.8
Fire Magic     | |  0.8
Air Magic      | |  0.6
Poison Magic   | |  0.4

Action                   |  1- 3 |  4- 6 || total
-------------------------+-------+-------++-------
Melee: Unarmed           |    19 |       ||    19
       Dagger            |   102 |    13 ||   115
       Rapier            |       |    42 ||    42
 Cast: Magic Dart        |    84 |    46 ||   130
       Call Imp          |     2 |    17 ||    19
       Mephitic Cloud    |       |     4 ||     4
       Conjure Flame     |       |     2 ||     2
  Use: Potion            |       |     1 ||     1
 Stab: Sleeping          |     2 |     2 ||     4
       Confused          |       |     1 ||     1
  Eat: Chunk             |     3 |     6 ||     9
       Ration            |       |     1 ||     1
Armor: Robe              |    27 |    25 ||    52
Dodge: Dodged            |    96 |    77 ||   173
